[Event "Titled Tuesday Blitz November 14 Late 2023"]
[White "Su, Dion"]
[Black "Hajiyev, Kanan"]
[WhiteFideId "2029731"]
[BlackFideId "13404148"]
[WhiteElo "2405"]
[BlackElo "2492"]
[Result "0-1"]
[Round "11"]
[TimeControl "180+1"]
[Date "2023.11.14"]
[WhiteClock "0:00:15"]
[BlackClock "0:00:40"]
[Board "56"]

1. e4 c6 2. Nf3 d5 3. Nc3 a6 4. d4 Bg4 5. h3 Bh5 6. exd5 cxd5 7. g4 Bg6 8. Ne5 Nc6 9. h4 Nxe5 10. dxe5 h5 11. e6 Nf6 12. Bd3 Bxd3 13. exf7+ Kxf7 14. Qxd3 hxg4 15. Bg5 e6 16. O-O-O Bb4 17. Rhe1 Rc8 18. Bxf6 Qxf6 19. Nxd5 exd5 20. Qxd5+ Kf8 21. Re5 g6 22. Re6 Qf5 23. Qb3 Rxc2+ 24. Qxc2 Qxe6 25. Kb1 Qf5 26. Rd3 Rxh4 27. a3 Be7 28. Ka2 Rh3 29. Qc8+ Qxc8 0-1


[Site "https://www.chess.com"]

[Event "Titled Tuesday Blitz November 14 Late 2023"]
[White "Ponce Cano, Adrian"]
[Black "Szente Varga, Fruzsina"]
[WhiteFideId "22296913"]
[BlackFideId "712264"]
[WhiteElo "2492"]
[BlackElo "2366"]
[Result "1-0"]
[Round "11"]
[TimeControl "180+1"]
[Date "2023.11.14"]
[WhiteClock "0:00:12"]
[BlackClock "0:00:07"]
[Board "57"]

1. d4 Nf6 2. Nc3 d5 3. Qd3 Nc6 4. Bg5 Nb4 5. Qb5+ Nc6 6. O-O-O a6 7. Qd3 Nb4 8. Qd2 Bf5 9. e4 dxe4 10. Bxf6 exf6 11. Qf4 Bg6 12. Bc4 Bd6 13. Qe3 f5 14. a3 Nc6 15. f3 O-O 16. fxe4 fxe4 17. Nge2 Na5 18. Ba2 Kh8 19. h4 f5 20. g3 Bh5 21. Rdf1 b5 22. Nd5 c6 23. Ndf4 Bf3 24. Rhg1 b4 25. axb4 Bxb4 26. Ne6 Qb6 27. Nxf8 Rxf8 28. Rxf3 exf3 29. Qxf3 Be7 30. Rd1 Rb8 31. Qc3 Bb4 32. Qd3 Bd6 33. Qc3 Nb7 34. Nf4 a5 35. h5 a4 36. h6 Bf8 37. d5 c5 38. Ne6 Nd6 39. hxg7+ Kg8 40. gxf8=Q+ Rxf8 41. Qg7# 1-0


[Site "https://www.chess.com"]

[Event "Titled Tuesday Blitz November 14 Late 2023"]
[White "chessjazda"]
[Black "Martin Barcelo, Carles"]
[BlackFideId "24561444"]
[WhiteElo "2364"]
[BlackElo "2461"]
[Result "1-0"]
[Round "11"]
[TimeControl "180+1"]
[Date "2023.11.14"]
[WhiteClock "0:00:23"]
[BlackClock "0:00:00"]
[Board "58"]

1. e4 c6 2. d4 d5 3. Bd3 dxe4 4. Bxe4 Nf6 5. Bf3 Bf5 6. c3 e6 7. Bg5 h6 8. Bh4 Nbd7 9. Ne2 Bd6 10. Nd2 Qc7 11. Bg3 O-O 12. O-O Rac8 13. Re1 Rfe8 14. Nf1 Rcd8 15. Ne3 Bg6 16. Bxd6 Qxd6 17. Ng3 e5 18. dxe5 Nxe5 19. Be2 Qxd1 20. Raxd1 Ne4 21. Nxe4 Bxe4 22. Rxd8 Rxd8 23. Rd1 Rxd1+ 24. Bxd1 Nd3 25. Bc2 Bg6 26. Bxd3 Bxd3 27. f4 Kf8 28. Kf2 Ke7 29. Nd1 Be4 30. g3 Kd6 31. Ke3 Bb1 32. a3 Kd5 33. Nf2 Kc4 34. Kd2 Kb3 35. Kc1 Bf5 36. Nd1 Be4 37. Ne3 a5 38. Nf1 Kc4 39. Kd2 Kb3 40. Kc1 Kc4 41. Kd2 Bb1 42. Ne3+ Kc5 43. b4+ axb4 44. axb4+ Kd6 45. Kc1 Be4 46. Kd2 Ke6 47. c4 Kd6 48. Kc3 Bf3 49. c5+ Ke6 50. Kd4 g6 51. Kc3 Be2 52. Kd4 Bf3 53. Nc4 Be2 54. Na5 Ba6 55. Ke4 f6 56. g4 Ke7 57. h4 Ke6 58. f5+ gxf5+ 59. gxf5+ Ke7 60. Kf4 Kf7 61. Nb3 Ke7 62. Nd4 Bc4 63. Nf3 Bd5 64. Nh2 Kf7 65. Ng4 Kg7 66. Ne3 Bb3 67. Nf1 Bc2 68. Nd2 Bd3 69. Nb3 Bc4 70. Na5 Ba6 71. Nb3 Bc4 72. Nd4 Kf7 73. Nf3 Be2 74. Ne1 Ke7 75. Nc2 Bd3 76. Ne3 Be2 77. Nc2 Bd3 78. Nd4 Bc4 79. Ke3 Kd7 80. Nf3 Ke7 81. Nd2 Bd5 82. Kd4 Kf7 83. Nf1 Bb3 84. Ne3 Kg7 85. Nc4 Bc2 86. Nd6 Kf8 87. Nxb7 Bxf5 88. Nd8 Bd7 89. Nb7 Ke7 90. Nd6 Ke6 91. Ke4 Ke7 92. Kf4 Ke6 93. Ke4 Ke7 94. Nc4 Ke6 95. Ne3 Ke7 96. Nf5+ Bxf5+ 97. Kxf5 Kf7 98. h5 Ke7 99. Kg6 Ke6 100. Kxh6 Kf7 101. b5 cxb5 102. c6 Ke6 103. c7 Kd7 104. Kg7 b4 105. h6 b3 106. h7 b2 107. h8=Q Kxc7 108. Qh1 Kd6 109. Qb1 Kc5 110. Qxb2 Kd5 111. Kxf6 Ke4 112. Qe2+ Kf4 113. Qc4+ Ke3 114. Ke5 Kf2 115. Qd3 Kg2 116. Kf4 Kf2 117. Qd2+ Kg1 118. Kg3 1-0


[Site "https://www.chess.com"]

[Event "Titled Tuesday Blitz November 14 Late 2023"]
[White "FM_Kappeler"]
[Black "Nikologorsky, Matfei"]
[BlackFideId "24102474"]
[WhiteElo "2337"]
[BlackElo "2454"]
[Result "0-1"]
[Round "11"]
[TimeControl "180+1"]
[Date "2023.11.14"]
[WhiteClock "0:00:00"]
[BlackClock "0:00:17"]
[Board "59"]

1. d4 Nf6 2. c4 e6 3. g3 c5 4. d5 exd5 5. cxd5 d6 6. Nf3 g6 7. Bg2 Bg7 8. Nc3 O-O 9. O-O Re8 10. Nd2 a6 11. a4 b6 12. Nc4 Bb7 13. Bf4 Bf8 14. Qd2 Nh5 15. Bg5 f6 16. Bh6 Ng7 17. Bh3 Nd7 18. Ra3 Ne5 19. Ne3 Bc8 20. Bxc8 Qxc8 21. Rb3 Rb8 22. Ne4 Qd8 23. Qc3 Be7 24. f4 Nf7 25. Bxg7 Kxg7 26. Ng4 h5 27. Ne3 b5 28. axb5 axb5 29. g4 b4 30. Qd2 hxg4 31. Nxg4 f5 32. Ng3 fxg4 33. f5 Bg5 34. Qc2 c4 35. fxg6 Ne5 36. Nf5+ Kg8 37. Rg3 Rf8 0-1


[Site "https://www.chess.com"]

[Event "Titled Tuesday Blitz November 14 Late 2023"]
[White "Arnold, Ken"]
[Black "Sivanandan, Bodhana"]
[WhiteFideId "2056836"]
[BlackFideId "497592"]
[WhiteElo "2424"]
[BlackElo "2224"]
[Result "1-0"]
[Round "11"]
[TimeControl "180+1"]
[Date "2023.11.14"]
[WhiteClock "0:00:43"]
[BlackClock "0:00:55"]
[Board "60"]

1. e4 e6 2. Nc3 c6 3. Nf3 d5 4. d4 Bb4 5. e5 Ne7 6. a3 Bxc3+ 7. bxc3 Nd7 8. Bd3 c5 9. Ng5 h6 10. Qh5 g6 11. Qh3 Nf5 12. Nf3 cxd4 13. cxd4 Qc7 14. Bd2 b6 15. O-O Bb7 16. g4 Ne7 17. Rfc1 O-O-O 18. a4 Nc6 19. a5 bxa5 20. c4 dxc4 21. Rxc4 Nb6 22. Bxa5 Rd5 23. Bxb6 Qxb6 24. Be4 Rd7 25. Rac1 Rc7 26. g5 h5 27. d5 Kb8 28. dxc6 Ba6 29. Rb1 Bxc4 30. Rxb6+ axb6 31. Nd4 Rd8 32. Qc3 Ba6 33. Qb4 Ka7 34. Qa4 b5 35. Nxb5+ Kb6 36. Nxc7 Kxc7 37. Qxa6 Rb8 38. Qa7+ Kc8 39. Qd7# 1-0


[Site "https://www.chess.com"]

[Event "Titled Tuesday Blitz November 14 Late 2023"]
[White "D`Arruda, Ricardo D."]
[Black "Qiao, Cindy"]
[WhiteFideId "100692"]
[BlackFideId "2620243"]
[WhiteElo "2498"]
[BlackElo "2416"]
[Result "0-1"]
[Round "11"]
[TimeControl "180+1"]
[Date "2023.11.14"]
[WhiteClock "0:00:01"]
[BlackClock "0:01:15"]
[Board "61"]

1. d4 d5 2. Nf3 Nf6 3. c4 e6 4. e3 Be7 5. Nc3 O-O 6. Bd3 b6 7. e4 dxe4 8. Nxe4 Bb7 9. Qe2 Nxe4 10. Bxe4 Bxe4 11. Qxe4 Nd7 12. O-O Nf6 13. Qc6 Qd6 14. Qxd6 Bxd6 15. Bg5 Ne4 16. Be3 c5 17. Rad1 Rfd8 18. Rfe1 h6 19. h3 Rac8 20. d5 exd5 21. Rxd5 Nf6 22. Rd2 Bc7 23. Red1 Re8 24. Rd3 Re4 25. b3 Rce8 26. Kf1 g5 27. Bc1 Kg7 28. Bb2 Kg6 29. Bxf6 Kxf6 30. Rd7 R8e7 31. Rxe7 Rxe7 32. Re1 Rxe1+ 33. Kxe1 Kf5 34. g4+ Ke4 35. Ke2 f5 36. Nd2+ Kf4 37. gxf5 Kxf5 38. Kf3 Bf4 39. Ne4 h5 40. Nc3 g4+ 41. hxg4+ hxg4+ 42. Ke2 Be5 43. Nd1 Bd4 44. Ne3+ Bxe3 45. Kxe3 Ke5 46. Kd3 Kf4 47. Ke2 Ke4 48. Kd2 Kf3 49. Ke1 Ke4 50. Ke2 Kf4 51. Kd2 Kf3 52. Ke1 Kf4 53. Ke2 Ke4 54. Kd2 Kd4 55. Ke2 Kc3 56. Ke3 Kb2 57. Kf4 Kxa2 58. Kxg4 Kxb3 59. f4 a5 60. f5 a4 61. f6 a3 62. f7 a2 63. f8=Q a1=Q 64. Qb8 Qd4+ 65. Kf5 Qd3+ 66. Kg5 Qe3+ 67. Kh5 Qe6 68. Qa7 Qe5+ 69. Kg4 Qd4+ 70. Kg3 Qd6+ 71. Kf2 Kxc4 72. Qa2+ Kb5 73. Qe2+ Kc6 74. Qe8+ Qd7 75. Qa8+ Kd6 76. Qb8+ Qc7 77. Qf8+ Kc6 78. Qa8+ Kd7 79. Qd5+ Kc8 80. Qa8+ Kd7 81. Qd5+ Qd6 82. Qb7+ Ke6 83. Qe4+ Qe5 84. Qc6+ Qd6 85. Qe4+ Kf6 86. Qh4+ Ke5 87. Qg3+ Kd5 88. Qd3+ Kc6 89. Qe4+ Qd5 90. Qe8+ Qd7 91. Qe4+ Kb5 92. Qb1+ Ka5 93. Qa2+ Qa4 94. Qd2+ Qb4 95. Qd8 Qd4+ 0-1


[Site "https://www.chess.com"]

[Event "Titled Tuesday Blitz November 14 Late 2023"]
[White "Przybylski, Wojciech"]
[Black "Akhayan, Ruben"]
[WhiteFideId "1117599"]
[BlackFideId "204439"]
[WhiteElo "2487"]
[BlackElo "2415"]
[Result "1-0"]
[Round "11"]
[TimeControl "180+1"]
[Date "2023.11.14"]
[WhiteClock "0:00:59"]
[BlackClock "0:00:15"]
[Board "62"]

1. e4 e5 2. Nf3 Nc6 3. Bb5 a6 4. Ba4 Nf6 5. O-O Be7 6. Re1 b5 7. Bb3 O-O 8. c3 d5 9. exd5 Nxd5 10. Nxe5 Nxe5 11. Rxe5 Nf6 12. Re1 Bd6 13. g3 Ng4 14. Qf3 Rb8 15. d4 Rb6 16. h3 Nf6 17. Bg5 Bxh3 18. Bxf6 Qxf6 19. Qxf6 gxf6 20. Nd2 Bf5 21. Ne4 Bxe4 22. Rxe4 f5 23. Re3 f4 24. gxf4 Bxf4 25. Re4 Rg6+ 26. Kf1 Bd6 27. Ke2 Kg7 28. Rh1 f5 29. Reh4 Re8+ 30. Kd3 h6 31. Bd5 c5 32. Bf3 c4+ 33. Kd2 b4 34. Bh5 Ree6 35. Bxg6 Rxg6 36. b3 Rg2 37. Rf1 cxb3 38. axb3 a5 39. c4 a4 40. bxa4 b3 41. Kc3 1-0


[Site "https://www.chess.com"]

[Event "Titled Tuesday Blitz November 14 Late 2023"]
[White "Garrido, Denis"]
[Black "Reprintsev, Alexander"]
[WhiteFideId "601217"]
[BlackFideId "14100541"]
[WhiteElo "2391"]
[BlackElo "2481"]
[Result "0-1"]
[Round "11"]
[TimeControl "180+1"]
[Date "2023.11.14"]
[WhiteClock "0:01:56"]
[BlackClock "0:02:19"]
[Board "63"]

1. e4 d5 2. exd5 Qxd5 3. Nc3 Qa5 4. Nf3 Nc6 5. Bb5 Bd7 6. O-O a6 7. Bxc6 Bxc6 8. d4 O-O-O 9. Ne5 Be8 10. b4 Qb6 11. Qf3 f6 12. Rb1 fxe5 13. Qxf8 exd4 14. Ne4 Nf6 15. Nxf6 0-1


[Site "https://www.chess.com"]

[Event "Titled Tuesday Blitz November 14 Late 2023"]
[White "Marcziter, Dmitrii"]
[Black "Fernandez Bustamante, Leancy B."]
[WhiteFideId "13900765"]
[BlackFideId "3523870"]
[WhiteElo "2433"]
[BlackElo "2386"]
[Result "0-1"]
[Round "11"]
[TimeControl "180+1"]
[Date "2023.11.14"]
[WhiteClock "0:00:10"]
[BlackClock "0:01:28"]
[Board "64"]

1. d4 c5 2. d5 d6 3. Nc3 e5 4. e4 Nf6 5. Bb5+ Nbd7 6. a4 g6 7. g4 a6 8. Bd3 Bg7 9. h3 O-O 10. Nge2 h5 11. f3 Nh7 12. Be3 h4 13. Qd2 Rb8 14. a5 Qc7 15. Bc4 b6 16. axb6 Nxb6 17. b3 Nxc4 18. bxc4 Rb4 19. Qd3 Bd7 20. O-O Bf6 21. Rxa6 Bg5 22. f4 exf4 23. Nxf4 Qc8 24. Rxd6 Bxg4 25. Nxg6 Bxh3 26. Rf5 Bxf5 27. Bxg5 Bxg6 28. Qf3 Nxg5 29. Qg2 Nh3+ 30. Kh1 Nf4 31. Qh2 Qg4 32. Qf2 Rxc4 33. Nb5 Bxe4+ 34. Kh2 Rxc2 35. Qxc2 Qg3# 0-1


[Site "https://www.chess.com"]

[Event "Titled Tuesday Blitz November 14 Late 2023"]
[White "Polaczek, Richard"]
[Black "Skaric, Djuro"]
[WhiteFideId "200026"]
[BlackFideId "934569"]
[WhiteElo "2433"]
[BlackElo "2380"]
[Result "0-1"]
[Round "11"]
[TimeControl "180+1"]
[Date "2023.11.14"]
[WhiteClock "0:00:00"]
[BlackClock "0:00:37"]
[Board "65"]

1. d4 d6 2. e4 g6 3. Nc3 Bg7 4. Bg5 h6 5. Be3 Nc6 6. Qd2 Nf6 7. h3 e5 8. d5 Ne7 9. g4 a6 10. Nge2 c5 11. a4 Bd7 12. a5 Rb8 13. Ng3 h5 14. g5 Nh7 15. h4 O-O 16. Be2 b5 17. axb6 Rxb6 18. Nd1 f5 19. gxf6 Nxf6 20. f3 Qc8 21. Ra2 Bb5 22. c4 Bd7 23. Nf2 Qb7 24. O-O Rb8 25. Nd3 Kh7 26. Rfa1 Neg8 27. Qe1 Bc8 28. Qf2 Qd7 29. b4 Rxb4 30. Nxb4 cxb4 31. c5 dxc5 32. Bxc5 b3 33. Rb2 Qh3 34. Qh2 Qd7 35. Bc4 Qc7 36. Qf2 Nd7 37. Ba7 Qxc4 38. Bxb8 Nxb8 39. Rab1 Nd7 40. Rxb3 a5 41. Nf1 Nc5 42. Rb8 Bh3 43. Ne3 Qd4 44. Rd1 Qa4 45. d6 Nd7 46. Kh2 Be6 47. Rd8 Ngf6 48. Rc1 Qd4 49. Rcc8 a4 50. Qg1 Qd2+ 51. Ng2 a3 52. Qa7 a2 53. Qa8 g5 54. Rh8+ Kg6 0-1


[Site "https://www.chess.com"]

[Event "Titled Tuesday Blitz November 14 Late 2023"]
[White "Weak-Player_EGY"]
[Black "Kustar, Sandor"]
[BlackFideId "702900"]
[WhiteElo "2373"]
[BlackElo "2432"]
[Result "1-0"]
[Round "11"]
[TimeControl "180+1"]
[Date "2023.11.14"]
[WhiteClock "0:01:49"]
[BlackClock "0:00:00"]
[Board "66"]

1. d4 Nf6 2. Nf3 e6 3. g3 b5 4. Bg2 Bb7 5. O-O c5 6. a4 b4 7. c3 a5 8. Bf4 Na6 9. Nbd2 Nd5 10. Be5 d6 11. e4 Nxc3 12. bxc3 dxe5 13. Nxe5 bxc3 14. Qb3 Qc7 15. Qb5+ Ke7 16. Ndc4 f6 17. d5 Rd8 18. d6+ Rxd6 19. Nxd6 Kxd6 20. Nc4+ Ke7 21. Rab1 Nb4 22. Qxa5 Qxa5 23. Nxa5 c2 24. Rb2 Ba8 25. Rc1 Kd6 26. Bf1 Be7 27. Nc4+ Kc7 28. Ne3 Bxe4 29. f3 Bxf3 30. Nxc2 Nc6 31. Bb5 Bd5 32. Ne3 Nd4 33. Nxd5+ exd5 34. a5 c4 35. Bxc4 dxc4 36. Rxc4+ 1-0


[Site "https://www.chess.com"]

[Event "Titled Tuesday Blitz November 14 Late 2023"]
[White "Estrada Nieto, Julian"]
[Black "VitaliyChayka"]
[WhiteFideId "5101018"]
[WhiteElo "2427"]
[BlackElo "2346"]
[Result "1-0"]
[Round "11"]
[TimeControl "180+1"]
[Date "2023.11.14"]
[WhiteClock "0:00:22"]
[BlackClock "0:00:38"]
[Board "67"]

1. e4 d6 2. d4 Nf6 3. Nc3 e5 4. Nf3 Nbd7 5. Bc4 Be7 6. O-O O-O 7. Re1 c6 8. a4 a5 9. b3 exd4 10. Nxd4 Nc5 11. Bf1 Be6 12. Bf4 d5 13. e5 Nfd7 14. g3 Qb6 15. Qd2 Qb4 16. Nxe6 fxe6 17. Bh3 Kh8 18. Rad1 Rf7 19. Nb1 Qb6 20. Qd4 Raf8 21. Be3 Qc7 22. f4 Re8 23. Nd2 Bf8 24. Rf1 Na6 25. Qd3 Nb4 26. Qc3 c5 27. Qb2 d4 28. Bf2 Nb6 29. Nf3 N6d5 30. Ng5 Rfe7 31. Rfe1 h6 32. Ne4 Rf7 33. c4 Nb6 34. Qe2 Nc8 35. Qh5 Kg8 36. Qg6 Qd7 37. Nf6+ Rxf6 38. exf6 Kh8 39. fxg7+ Bxg7 40. Bxe6 Qd6 41. Qxe8+ 1-0


[Site "https://www.chess.com"]

[Event "Titled Tuesday Blitz November 14 Late 2023"]
[White "Laskakis, Konstantinos"]
[Black "Kubatko, Ivan"]
[WhiteFideId "42134374"]
[BlackFideId "24111473"]
[WhiteElo "2360"]
[BlackElo "2419"]
[Result "1-0"]
[Round "11"]
[TimeControl "180+1"]
[Date "2023.11.14"]
[WhiteClock "0:00:32"]
[BlackClock "0:00:00"]
[Board "68"]

1. d4 f5 2. Nf3 Nf6 3. Bg5 e6 4. Nbd2 d5 5. e3 h6 6. Bf4 g5 7. Bg3 Bd6 8. c4 Qe7 9. Ne5 Nc6 10. Ng6 Qg7 11. Nxh8 Qxh8 12. c5 Bxg3 13. hxg3 Bd7 14. Rb1 e5 15. Bb5 exd4 16. Bxc6 Bxc6 17. exd4 O-O-O 18. Nf3 Bb5 19. Ne5 Re8 20. a4 Ba6 21. b4 Bc4 22. f3 Nd7 23. f4 gxf4 24. gxf4 Qg7 25. Qf3 Nf6 26. Kf2 Ne4+ 27. Ke3 Rg8 28. Rh2 Qf6 29. Rbh1 Rg3 30. Rxh6 Rxf3+ 31. gxf3 1-0


[Site "https://www.chess.com"]

[Event "Titled Tuesday Blitz November 14 Late 2023"]
[White "Yelisieiev, Yevhenii"]
[Black "Gerbelli Neto, Eduardo"]
[WhiteFideId "14139642"]
[BlackFideId "2103281"]
[WhiteElo "2560"]
[BlackElo "2332"]
[Result "1-0"]
[Round "11"]
[TimeControl "180+1"]
[Date "2023.11.14"]
[WhiteClock "0:01:11"]
[BlackClock "0:00:08"]
[Board "69"]

1. d4 d5 2. Nf3 Nf6 3. e3 e6 4. Bd3 c5 5. O-O c4 6. Be2 Nc6 7. b3 cxb3 8. axb3 Bd6 9. c4 a5 10. Nc3 O-O 11. Bb2 Qe7 12. Nb5 Bb4 13. Ne5 Bd7 14. Bf3 Rfd8 15. Nd3 Ne4 16. Nxb4 axb4 17. Bxe4 dxe4 18. d5 exd5 19. Rxa8 Rxa8 20. Nc7 Ra2 21. Nxd5 Qg5 22. Qb1 Rxb2 23. Qxb2 Bh3 24. Nf4 Ne5 25. Nxh3 Nf3+ 26. Kh1 Qg4 27. Qe2 g5 28. Ng1 Nxh2 29. Qxg4 Nxg4 30. Nh3 1-0


[Site "https://www.chess.com"]

[Event "Titled Tuesday Blitz November 14 Late 2023"]
[White "rikchessmx"]
[Black "Pinheiro, Iung Alicio de O."]
[BlackFideId "2104350"]
[WhiteElo "2330"]
[BlackElo "2525"]
[Result "0-1"]
[Round "11"]
[TimeControl "180+1"]
[Date "2023.11.14"]
[WhiteClock "0:00:58"]
[BlackClock "0:00:24"]
[Board "70"]

1. e4 g6 2. d4 Bg7 3. Nc3 d6 4. f3 Nd7 5. Be3 a6 6. Qd2 b5 7. h4 h5 8. a4 b4 9. Nce2 c5 10. Nh3 Bb7 11. Ng5 Ngf6 12. c3 a5 13. Nf4 bxc3 14. bxc3 cxd4 15. cxd4 e5 16. Nfe6 fxe6 17. Nxe6 Qe7 18. Nc7+ Kf7 19. Nxa8 Rxa8 20. Bc4+ d5 21. exd5 Bxd5 22. Qa2 Qe6 23. Bxd5 Nxd5 24. Bf2 exd4+ 25. Kf1 d3 26. Kg1 Bxa1 27. Qxa1 d2 28. Qd4 Qe1+ 29. Kh2 Qe5+ 30. Kh3 Qxd4 31. Bxd4 Rc8 32. Rd1 Rc2 33. g4 N7f6 34. g5 Ne8 35. Kg3 Nd6 36. Kf2 Nc4 37. Ke2 Nc3+ 38. Bxc3 Rxc3 39. f4 Ke6 40. Rf1 Rc1 41. Rd1 Kf5 0-1


[Site "https://www.chess.com"]

[Event "Titled Tuesday Blitz November 14 Late 2023"]
[White "Aarakan, J"]
[Black "Weisz, Bryan"]
[WhiteFideId "9946276"]
[BlackFideId "30934133"]
[WhiteElo "2247"]
[BlackElo "2417"]
[Result "0-1"]
[Round "11"]
[TimeControl "180+1"]
[Date "2023.11.14"]
[WhiteClock "0:00:17"]
[BlackClock "0:00:19"]
[Board "71"]

1. e4 c5 2. Nf3 d6 3. c3 Nf6 4. Qc2 Nc6 5. d4 cxd4 6. cxd4 Bg4 7. Be3 Bxf3 8. gxf3 a6 9. Nc3 e6 10. Rg1 d5 11. O-O-O Bb4 12. e5 Nh5 13. Kb1 g6 14. Ne2 Ng7 15. Bg5 Be7 16. Bxe7 Qxe7 17. Ng3 h5 18. Qb3 h4 19. Ne2 Nf5 20. Bh3 b5 21. Bxf5 gxf5 22. Nf4 Na5 23. Qc3 Nc4 24. b3 b4 25. Qd3 Na3+ 26. Kb2 Nb5 27. Rc1 Nc3 28. Rxc3 bxc3+ 29. Qxc3 Qd7 30. Nd3 Rc8 31. Nc5 Qc6 32. Qd3 Ke7 33. Qxa6 Qxa6 34. Nxa6 Rhg8 35. Rxg8 Rxg8 36. Nc5 Rg2 37. b4 Rxh2 38. b5 Rxf2+ 39. Kc3 Rxa2 40. b6 Ra8 41. b7 Rb8 42. Kd2 h3 43. Ke2 h2 44. Kf2 h1=Q 0-1


[Site "https://www.chess.com"]

[Event "Titled Tuesday Blitz November 14 Late 2023"]
[White "Buchenau, Frank"]
[Black "Bazzano, Sebastian"]
[WhiteFideId "4604350"]
[BlackFideId "104566"]
[WhiteElo "2401"]
[BlackElo "2311"]
[Result "1-0"]
[Round "11"]
[TimeControl "180+1"]
[Date "2023.11.14"]
[WhiteClock "0:00:13"]
[BlackClock "0:00:00"]
[Board "72"]

1. e4 e6 2. d4 d5 3. Nd2 dxe4 4. Nxe4 Bd7 5. Nf3 Bc6 6. Bd3 Bxe4 7. Bxe4 c6 8. O-O Nf6 9. Bd3 Bd6 10. Re1 Nbd7 11. c4 O-O 12. Bd2 Qc7 13. Bc3 Rfe8 14. b4 a6 15. a4 b5 16. Ne5 bxc4 17. Bxc4 Nd5 18. Bxd5 cxd5 19. Rc1 Nf6 20. f3 Qb6 21. Qd2 Rec8 22. Kh1 Rab8 23. g4 Rxc3 24. Rxc3 Bxb4 25. Rb1 Re8 26. Qb2 a5 27. Rc6 Qa7 28. Rbc1 g6 29. Rc7 Qa6 30. Rxf7 Rf8 31. Rxf8+ Kxf8 32. Kg2 Qe2+ 33. Qxe2 1-0


[Site "https://www.chess.com"]

[Event "Titled Tuesday Blitz November 14 Late 2023"]
[White "Balla, Tamas-Kristof"]
[Black "Acosta Cruz, Oscar Yosimar"]
[WhiteFideId "1208497"]
[BlackFideId "5111269"]
[WhiteElo "2385"]
[BlackElo "2226"]
[Result "0-1"]
[Round "11"]
[TimeControl "180+1"]
[Date "2023.11.14"]
[WhiteClock "0:00:11"]
[BlackClock "0:00:04"]
[Board "73"]

1. e4 c6 2. d4 d5 3. exd5 cxd5 4. c4 Nf6 5. Nc3 Nc6 6. Bg5 e6 7. Nf3 Be7 8. cxd5 Nxd5 9. Bxe7 Ncxe7 10. Bd3 O-O 11. O-O Nc6 12. a3 a6 13. Re1 b5 14. Ne5 Bb7 15. Qh5 Nf6 16. Qh3 Qxd4 17. Rad1 Qf4 18. Nd7 h6 19. Nxf8 Rxf8 20. Ne4 Nd5 21. Qg3 Ne5 22. Nc5 Nxd3 23. Rxd3 Ba8 24. Nxa6 Qc4 25. Nb4 Nxb4 26. axb4 Qxb4 27. Qe5 Bd5 28. Rg3 f6 29. Qe3 Qxb2 30. Qxh6 Rf7 31. Rc1 Bb7 32. h3 Qe5 33. Qg6 f5 34. Re3 Qb2 35. Rce1 Bd5 36. Re5 Rf6 37. Qe8+ Kh7 38. Qh5+ Rh6 39. Qg5 Rg6 40. Qh5+ Rh6 41. Qd1 Rg6 42. Rxd5 exd5 43. Qh5+ Rh6 44. Qxf5+ Rg6 45. Re6 Qc1+ 46. Kh2 Qg5 47. Qf7 Qxg2# 0-1


[Site "https://www.chess.com"]

[Event "Titled Tuesday Blitz November 14 Late 2023"]
[White "TheAlienParty"]
[Black "Broca Jimenez, Fernando"]
[BlackFideId "5104742"]
[WhiteElo "2376"]
[BlackElo "2209"]
[Result "1/2-1/2"]
[Round "11"]
[TimeControl "180+1"]
[Date "2023.11.14"]
[WhiteClock "0:01:02"]
[BlackClock "0:00:08"]
[Board "74"]

1. c4 Nf6 2. Nc3 g6 3. g3 Bg7 4. Bg2 O-O 5. e3 d6 6. Nge2 c5 7. O-O Nc6 8. d4 a6 9. b3 Qc7 10. Bb2 b6 11. Rc1 Bb7 12. d5 Nb8 13. e4 Nbd7 14. f4 Rad8 15. Qd3 e6 16. dxe6 fxe6 17. Rcd1 Nb8 18. h3 Rf7 19. Rd2 Rfd7 20. Kh2 d5 21. exd5 exd5 22. Nxd5 Bxd5 23. cxd5 Nxd5 24. Bxg7 Kxg7 25. Qc4 Nf6 26. Rxd7+ Qxd7 27. Nc3 Qd3 28. Na4 Qxc4 29. bxc4 Rd6 30. Rb1 Nbd7 31. Rb2 Kf7 32. Bb7 a5 33. g4 h6 34. g5 hxg5 35. fxg5 Nh5 36. Bc8 Nf4 37. Bxd7 Rxd7 38. Nxb6 Rd3 39. Rb5 Rxh3+ 40. Kg1 Ra3 41. Rxc5 Rxa2 42. Nd5 Nh3+ 43. Kf1 Nxg5 44. Nc3 Rc2 45. Rxg5 Rxc3 46. Rxa5 Rxc4 47. Kf2 Rf4+ 48. Kg3 Rf5 49. Ra6 Kg7 50. Kg4 Kh6 51. Rb6 Rd5 52. Ra6 Rd4+ 53. Kg3 Kh5 54. Ra5+ g5 55. Ra3 Rg4+ 56. Kh3 Rh4+ 57. Kg3 Rc4 58. Rb3 Rd4 59. Ra3 Rc4 1/2-1/2


[Site "https://www.chess.com"]

[Event "Titled Tuesday Blitz November 14 Late 2023"]
[White "Curtis, John"]
[Black "Kuegel, Tobias"]
[WhiteFideId "3200256"]
[BlackFideId "4636295"]
[WhiteElo "2188"]
[BlackElo "2348"]
[Result "0-1"]
[Round "11"]
[TimeControl "180+1"]
[Date "2023.11.14"]
[WhiteClock "0:00:00"]
[BlackClock "0:00:11"]
[Board "75"]

1. d4 Nf6 2. c4 e6 3. Nf3 d5 4. e3 Be7 5. Nc3 O-O 6. Qc2 c5 7. dxc5 Bxc5 8. a3 b6 9. b4 Be7 10. Bb2 Bb7 11. cxd5 Nxd5 12. Nxd5 Qxd5 13. Bd3 Qh5 14. Be4 Rc8 15. Qxc8+ Bxc8 16. Bxa8 Ba6 17. Rc1 Qb5 18. Nd4 Qd3 19. Bf3 e5 20. Be2 Qg6 21. Nc6 Nxc6 22. Bxa6 Qxg2 23. Ke2 Qg4+ 24. Kd2 Qf3 25. Rhf1 h5 26. Bb7 Qd5+ 27. Ke1 Qb3 28. Rxc6 Qxb2 29. Rc7 Qxa3 30. Ke2 Qxb4 31. Rd1 Qg4+ 32. Bf3 Qe6 33. Rdd7 e4 34. Bxh5 g6 35. Bxg6 fxg6 36. Rxe7 Qa2+ 37. Kf1 Kf8 38. Rh7 Qa6+ 0-1


[Site "https://www.chess.com"]

[Event "Titled Tuesday Blitz November 14 Late 2023"]
[White "Elbebiber"]
[Black "KorolDimitriy75"]
[WhiteElo "2097"]
[BlackElo "2338"]
[Result "1-0"]
[Round "11"]
[TimeControl "180+1"]
[Date "2023.11.14"]
[WhiteClock "0:00:18"]
[BlackClock "0:00:00"]
[Board "76"]

1. d4 Nf6 2. Bg5 Ne4 3. Bf4 c5 4. f3 Qa5+ 5. c3 Nf6 6. d5 d6 7. e4 g6 8. Nd2 Bg7 9. Nc4 Qd8 10. a4 O-O 11. g4 Ne8 12. Qd2 Nd7 13. Bd3 Nb6 14. Ne3 e6 15. Ne2 exd5 16. Nxd5 Nxd5 17. exd5 Nf6 18. Bc2 Re8 19. Kf2 b6 20. h4 Ba6 21. Ng3 Qd7 22. Rae1 Bb7 23. c4 a6 24. h5 b5 25. hxg6 fxg6 26. Bh6 bxc4 27. Bxg7 1-0


[Site "https://www.chess.com"]

[Event "Titled Tuesday Blitz November 14 Late 2023"]
[White "Winkels, Marcel"]
[Black "Romero Ruscalleda, Josep"]
[WhiteFideId "1003887"]
[BlackFideId "2231859"]
[WhiteElo "2110"]
[BlackElo "2319"]
[Result "0-1"]
[Round "11"]
[TimeControl "180+1"]
[Date "2023.11.14"]
[WhiteClock "0:00:41"]
[BlackClock "0:00:56"]
[Board "77"]

1. e4 g6 2. d4 Bg7 3. Nc3 d6 4. Bg5 Nd7 5. f4 c5 6. Nf3 Qb6 7. Nd5 Qa5+ 8. c3 cxd4 9. Nxd4 Ngf6 10. Nxf6+ Nxf6 11. Bd3 O-O 12. O-O Qb6 13. e5 dxe5 14. fxe5 Ng4 15. Bxe7 Re8 16. Bf6 Ne3 17. Qf3 Nxf1 18. Rxf1 Be6 19. Kh1 Rac8 20. Nxe6 Qxe6 21. b3 Rxc3 22. Qe2 Bxf6 23. Rxf6 Qxf6 24. exf6 Rxe2 25. Bxe2 Rc1+ 0-1


[Site "https://www.chess.com"]